 Dungeon Crawl Stone Soup version 0.29.0-4-gdea44cf6ec (webtiles) character file.

Game seed: 9632952559685184854

108 qw the Chopper (level 4, 0/39 HPs)
             Began as a Minotaur Fighter on Sept 5, 2022.
             Slain by an ogre
             ... wielding a +0 giant club
              (23 damage)
             ... on level 3 of the Dungeon.
             The game lasted 00:00:50 (2325 turns).

qw the Chopper (Minotaur Fighter)                   Turns: 2325, Time: 00:00:51

Health: 0/39       AC:  8    Str: 23    XL:     4   Next: 58%
Magic:  3/3        EV:  9    Int:  5    God:
Gold:   156        SH:  4    Dex:  9    Spells: 3/3 levels left

rFire   . . .      SeeInvis .   Y - +0 war axe
rCold   . . .      Faith    .   c - +0 buckler
rNeg    . . .      Spirit   .   b - +0 scale mail
rPois   +          Reflect  .   (helmet restricted)
rElec   .          Harm     .   (no cloak)
rCorr   .          Rampage  .   j - +0 pair of gloves
Will    .....                   (no boots)
Stlth   ..........              (no amulet)
HPRegen 0.13/turn               i - ring of poison resistance
MPRegen 0.08/turn               (no ring)

@: no status effects
A: horns 2, retaliatory headbutt
a: no special abilities


You were on level 3 of the Dungeon.
You visited 1 branch of the dungeon, and saw 3 of its levels.

You collected 156 gold pieces.


Innate Abilities, Weirdness & Mutations

You have a pair of horns on your head.
You reflexively headbutt those who attack you in melee.


   Skills:
 - Level 3.6 Fighting
 + Level 5.7 Axes
 - Level 3.6 Armour
 - Level 1.0 Dodging
 - Level 3.6 Shields


You had 3 spell levels left.
You didn't know any spells.
Your spell library was empty.

Inventory:

Hand Weapons
 a - a +0 mace
 Y - a +0 war axe (weapon)
Missiles
 h - 3 boomerangs (quivered)
Armour
 b - a +0 scale mail (worn)
 c - a +0 buckler (worn)
 j - a +0 pair of gloves (worn)
 n - the +1 ring mail "Otuluyv" {+Inv Stlth+}
   (You found it on level 3 of the Dungeon)

   +Inv:      It lets you turn invisible.
   Stlth:     It makes you more stealthy.
Jewellery
 i - a ring of poison resistance (left hand)
Scrolls
 e - a scroll of blinking {unknown}
 f - a scroll of identify
 k - a scroll of teleportation
Potions
 d - 2 potions of might
 g - a potion of curing
 l - a potion of heal wounds
 m - a potion of mutation {unknown}

Dungeon Overview and Level Annotations

Branches:
Dungeon (3/15)

Altars:

Shops:
D:3 (

Annotations:
D:3 Jessica


Message History

The hobgoblin shouts!
Throw: 3 boomerangs
Press: ? - help, Q - select action Shift-Dir - straight line, f - hobgoblin You throw a boomerang.
The boomerang barely misses the hobgoblin.
Throw: 3 boomerangs
Press: ? - help, Q - select action Shift-Dir - straight line, f/p - hobgoblin You throw a boomerang.
The boomerang hits the hobgoblin.
You kill the hobgoblin!
You now have 156 gold pieces (gained 6).
You see here a hobgoblin corpse.
A rat and an ogre come into view.
The ogre shouts!
Enter note:
Enter note:
Enter note:
Enter note:
Enter note:
Enter note: Throw: 3 boomerangs
Press: ? - help, Q - select action Shift-Dir - straight line, f - ogre You throw a boomerang.
The boomerang hits the ogre.
The ogre is lightly wounded.
Throw: 3 boomerangs
Press: ? - help, Q - select action Shift-Dir - straight line, f - rat You throw a boomerang.
The boomerang hits the rat.
The rat is severely wounded.
Jessica the Apprentice Sorceress comes into view.
She is wielding a +1 dagger of venom.
2322 ||| Stepping ~*~*~tactically~*~*~ (stealth).
You hit the ogre.
The ogre is lightly wounded.
The ogre barely misses you.
You hit the ogre but do no damage. You headbutt the ogre.
The ogre is moderately wounded.
The ogre hits you with a +0 giant club!
You hit the ogre but do no damage. You headbutt the ogre!
The ogre is severely wounded.
The ogre hits you with a +0 giant club!!
Ouch! That really hurt!
You die...

#.# #.. #..##...#.....
#.# ##. #..##...#.#.##
### .# #..##...#.#.#. .#
#..##.........
#.........#.#.
##.####...#.#.
#.####...#.#.
...#.########......%.....
......rO@................
####.#.##########...##.#.
... ........... ###r
....#...###. ..
.........# <. #.
.........# #. ..
.........# #. .@


You could see an ogre and a rat.

Vanquished Creatures
  A jelly (D:3)
  2 adders (D:2)
  2 worms (D:2)
  2 dart slugs (D:1)
  An orc (D:3)
  2 bats
  3 endoplasms
  A giant cockroach (D:1)
  3 goblins
  7 hobgoblins
  4 jackals (D:2)
  5 kobolds
  A quokka (D:1)
  4 ball pythons
  4 frilled lizards
  3 rats
45 creatures vanquished.

Vanquished Creatures (others)
  A fungus (D:3)
  A plant (D:3)
2 creatures vanquished.

Grand Total: 47 creatures vanquished

Notes
Turn   | Place    | Note
-------+----------+-------------------------------------------
     0 | D:1      | qw the Minotaur Fighter began the quest for the Orb.
     0 | D:1      | Reached XP level 1. HP: 19/19 MP: 0/0
     0 | D:1      | 0 ||| qw: Version: 0.1-a-104-g96f76f8
     0 | D:1      | 0 ||| qw: Game counter: 6025
     0 | D:1      | 0 ||| qw: Always use a shield: true
     0 | D:1      | 0 ||| qw: God list: Ru
     0 | D:1      | 0 ||| qw: Allow faded altars: false
     0 | D:1      | 0 ||| qw: Do Orc after D:15 true
     0 | D:1      | 0 ||| qw: Do second Lair branch before Depths: true
     0 | D:1      | 0 ||| qw: Lair rune preference: random
     0 | D:1      | 0 ||| qw: Plans: Normal
     0 | D:1      | 0 ||| PLANNING D:1-11
   185 | D:1      | Reached skill level 3 in Axes
   240 | D:1      | 240 ||| Stepping ~*~*~tactically~*~*~ (hiding).
   250 | D:1      | Reached XP level 2. HP: 23/26 MP: 1/1
   692 | D:1      | 692 ||| UPGRADING to +0 pair of gloves.
   697 | D:1      | 697 ||| READING scroll labelled CAZXYO WAW VIE.
   841 | D:1      | 841 ||| READING 2 scrolls labelled TUAD MI VOMORR.
   842 | D:1      | 842 ||| READING scroll labelled ILOLIJUEXI.
   845 | D:1      | 845 ||| READING scroll labelled INATRIZODAE.
   986 | D:2      | Reached skill level 4 in Axes
  1004 | D:2      | Reached XP level 3. HP: 31/31 MP: 2/2
  1269 | D:2      | 1269 ||| Stepping ~*~*~tactically~*~*~ (stealth).
  1270 | D:2      | 1270 ||| Stepping ~*~*~tactically~*~*~ (stealth).
  1462 | D:2      | Reached skill level 5 in Axes
  1582 | D:2      | Reached skill level 1 in Dodging
  1890 | D:2      | 1890 ||| UPGRADING to ring of poison resistance.
  1891 | D:2      | 1891 ||| READING scroll labelled ILEWUSUIJU.
  1892 | D:2      | 1892 ||| DRINKING 2 glowing black potions.
  1893 | D:2      | 1893 ||| READING 3 scrolls of identify.
  1893 | D:2      | 1893 ||| IDENTIFYING grey potion
  1894 | D:2      | 1894 ||| READING 2 scrolls of identify.
  1894 | D:2      | 1894 ||| IDENTIFYING green potion
  1895 | D:2      | 1895 ||| DROPPING potion of brilliance.
  1911 | D:3      | Reached XP level 4. HP: 38/39 MP: 3/3
  2139 | D:3      | Found a faded altar of an unknown god.
  2207 | D:3      | Found Wanich's Weapon Shoppe.
  2241 | D:3      | Identified the +1 ring mail "Otuluyv" {+Inv Stlth+}
  2319 | D:3      | Noticed an ogre
  2321 | D:3      | Noticed Jessica
  2322 | D:3      | 2322 ||| Stepping ~*~*~tactically~*~*~ (stealth).
  2325 | D:3      | Slain by an ogre

Levels and vault maps discovered:
D:1:      dpeg_arrival_long_road, layout_basic, hangedman_abyss_or_decor_stabs
D:2:      layout_loops_corners
D:3:      layout_basic, beargit_hepliaklqana_dungeon_heroes, serial_shops,
          nicolae_shop_bloodbath_and_beyond, dreamdust_ecumenical_altar_grove,
          nicolae_underground_beach, uniq_jessica

Skill      XL: |  1  2  3 |
---------------+----------+-----
Axes           | 3 4 5 |  5.7
Dodging        | 1 |  1.0
Fighting       | |  3.6
Armour         | |  3.6
Shields        | |  3.6

Action                   |  1- 3 |  4- 6 || total
-------------------------+-------+-------++-------
Melee: War axe           |    67 |    16 ||    83
       Headbutt          |    14 |     4 ||    18
Throw: Boomerang         |       |     9 ||     9
  Use: Scroll            |     7 |       ||     7
       Potion            |     1 |       ||     1
Armor: Scale mail        |    21 |     1 ||    22
Dodge: Dodged            |    26 |     5 ||    31
Block: Buckler           |     9 |     1 ||    10

Table legend:
 A = Non-vault XP
 B = Vault XP
 C = Vault XP percentage of total XP
 D = Non-vault monster count
 E = Vault monster count
 F = Vault count percentage of total count
                 A         B        C        D         E       F
            +---------+---------+-------+---------+---------+-------
      Total |     155 |       0 |   0.0 |      45 |       0 |   0.0
            +---------+---------+-------+---------+---------+-------
        D:1 |      20 |       0 |   0.0 |       9 |       0 |   0.0
        D:2 |      76 |       0 |   0.0 |      27 |       0 |   0.0
        D:3 |      59 |       0 |   0.0 |       9 |       0 |   0.0
            +---------+---------+-------+---------+---------+-------
